AoeStats
← 台灣大表哥

Nomad

509875420Analyzed
4v4 RM · 5d ago on Sep 28, 2026· 71m 17s· 8 players
Game mode
Random Map
Map size
231×231
Population
200
Speed
Normal
Resources
Standard
Victory
Conquest
Starting age
Dark Age
Ending age
Imperial Age
RankedLock teamsTeams togetherTeam positionsShared explorationLock speedFull tech treeHidden civsTurbo modeCheats
Victory
Defeat
🇨🇳 Cumans · China
846
+16
845
+16
🇨🇳 Mongols · China
843
+16
🇨🇳 Britons · China
803
+18
🇵🇰 Vikings · Pakistan
872
-17
🇹🇼 Wu · Taiwan
865
-17
🇹🇼 Britons · Taiwan
864
-17
🇵🇹 Teutons · Portugal
805
-15
158889596
6:36 Loom
15:16 Feudal Age
27:14 Castle Age
27:01 Bloodlines
35:53 Wheelbarrow
39:33 Steppe Husbandry
43:37 Imperial Age
42:05 Fletching
42:15 Padded Archer Armor
43:41 Gold Mining
44:09 Thumb Ring
44:27 Hand Cart
45:36 Bodkin Arrow
46:58 Forging
46:53 Scale Barding Armor
47:33 Elite Steppe Lancer
48:52 Iron Casting
52:53 Blast Furnace
52:13 Chain Barding Armor
54:20 Horse Collar
56:55 Conscription
56:56 Heavy Plow
58:13 Hand Cart
57:46 Town Watch
61:10 Plate Barding Armor
65:44 Town Patrol
泥工后勤大队长
14:59 Feudal Age
16:02 Double-Bit Axe
16:25 Fishing Lines
21:39 Castle Age
19:35 Stone Mining
21:16 Gold Mining
23:54 Gillnets
24:21 Husbandry
24:32 Bloodlines
24:26 Padded Archer Armor
24:17 Fletching
30:06 Wheelbarrow
35:47 Bow Saw
36:16 Gold Shaft Mining
39:40 Imperial Age
36:55 Light Cavalry
39:13 Ballistics
38:38 Horse Collar
39:46 Hussar
40:48 Hand Cart
40:18 Town Watch
40:57 Conscription
40:45 Scale Mail Armor
41:55 Heavy Cavalry Archer
43:04 Parthian Tactics
44:43 Chemistry
43:21 Capped Ram
44:24 Drill
52:15 Scale Barding Armor
52:22 Forging
54:35 Elite Skirmisher
66:58 Onager
69:40 Siege Ram
BoBo鸡之印第安走地鸡
fudychiji
17:12 Feudal Age
23:03 Castle Age
23:53 Double-Bit Axe
25:59 Horse Collar
26:58 Fishing Lines
26:55 Crossbowman
28:42 Padded Archer Armor
28:32 Fletching
28:33 Loom
34:47 Heavy Plow
37:50 Imperial Age
35:57 Leather Archer Armor
36:18 Gillnets
37:58 Stone Mining
37:58 Gold Mining
38:10 Bodkin Arrow
39:50 Chemistry
39:10 Ballistics
40:18 Arbalester
42:24 Wheelbarrow
41:35 Town Watch
44:08 Ring Archer Armor
43:38 Bracer
44:52 Conscription
44:35 Warwolf
49:17 Bow Saw
sehal
6:51 Loom
17:57 Feudal Age
23:16 Castle Age
21:18 Gold Mining
21:10 Horse Collar
21:21 Double-Bit Axe
21:55 Fletching
22:07 Padded Archer Armor
22:44 Stone Mining
23:29 Crossbowman
24:15 Bodkin Arrow
29:56 Ballistics
31:09 Gold Shaft Mining
31:18 Bow Saw
35:33 Heavy Plow
36:01 Leather Archer Armor
40:42 Imperial Age
42:25 Conscription
45:07 Chemistry
44:04 Murder Holes
44:43 Crop Rotation
45:19 Two-Man Saw
46:48 Arbalester
48:09 Bogsveigar
48:12 Chieftains
49:35 Bracer
49:36 Scale Mail Armor
49:50 Forging
50:20 Ring Archer Armor
49:17 Light Cavalry
55:25 Elite Skirmisher
59:21 Chain Mail Armor
59:42 Iron Casting
ThePriest10
4:52 Loom
16:29 Feudal Age
21:53 Castle Age
28:45 Stone Mining
51:29 Caravan
52:39 Scale Barding Armor
56:11 Imperial Age
55:31 Ballistics
56:01 Stone Shaft Mining
55:21 Gold Mining
55:14 Horse Collar
55:31 Double-Bit Axe
56:12 Cavalier
57:53 Wheelbarrow
57:06 Town Watch
58:19 Paladin
61:56 Heavy Scorpion
61:58 Capped Ram
63:59 Chemistry
65:21 Padded Archer Armor
65:11 Fletching
65:32 Forging
65:42 Chain Barding Armor
65:23 Scale Mail Armor
Kerrigan
7:44 Loom
台灣大表哥
4:31 Loom
15:16 Feudal Age
15:36 Man-at-Arms
16:54 Horse Collar
18:06 Fishing Lines
21:53 Fletching
24:33 Castle Age
23:15 Scale Mail Armor
24:14 Bloodlines
25:07 Elite Skirmisher
25:46 Bodkin Arrow
27:17 Squires
30:04 Wheelbarrow
30:14 Gold Mining
30:14 Stone Mining
30:16 Double-Bit Axe
30:35 Heavy Plow
31:20 Gillnets
33:45 Forging
34:14 Medium Warships
35:11 Redemption
35:04 Town Watch
36:03 Husbandry
37:43 Chain Mail Armor
41:54 Imperial Age
39:02 Long Swordsman
39:11 Pikeman
43:23 Bracer
43:23 Padded Archer Armor
45:36 Chemistry
45:43 Hand Cart
47:07 Leather Archer Armor
47:24 Plate Mail Armor
46:23 Light Cavalry
47:42 Heavy Hei Guang Cavalry
49:24 Town Patrol
53:38 Scale Barding Armor
54:09 Iron Casting
54:27 Hussar
58:56 Halberdier
Connection lost

Rejoining the realm…

Still unreachable

The connection could not be restored.

Session expired

The server has moved on; the page needs a fresh start.